 Dungeon Crawl Stone Soup version 0.27-a0-1200-g94dc6ad4cf (webtiles) character file.

Game seed: 2575239891806813950

327 Glokmah the Insei (level 6, -4/46 HPs)
             Began as a Demonspawn Transmuter on May 30, 2021.
             Slain by a mummy (12 damage)
             ... in an ossuary.
             The game lasted 00:10:09 (4456 turns).

Glokmah the Insei (Demonspawn Transmuter)           Turns: 4456, Time: 00:10:11

Health: -4/46      AC:  4    Str: 12    XL:     6   Next: 24%
Magic:  8/10       EV: 11    Int: 14    God:
Gold:   148        SH:  0    Dex: 14    Spells: 8/11 levels left

rFire    + . .     SeeInvis .     - Unarmed
rCold    . . .     Faith    .   (no shield)
rNeg     + . .     Spirit   .   n - +1 leather armour
rPois    .         Reflect  .   (helmet restricted)
rElec    .         Harm     .   (no cloak)
rCorr    .         Rampage  .   (no gloves)
Will     .....                  (no boots)
Stlth    +.........             (no amulet)
HPRegen  0.15/turn              i - ring of positive energy
MPRegen  0.12/turn              p - ring of protection from fire

@: marked, wereblooded (expiring), very slightly contaminated
A: antennae 2, claws 2
a: no special abilities


You were in an ossuary.
You visited 1 branch of the dungeon, and saw 4 of its levels.
You also visited: Ossuary.

You collected 148 gold pieces.

Inventory:

Hand Weapons
 b - a +0 mace
Missiles
 g - 171 stones
 h - 8 atropa-tipped darts
 l - 18 poisoned darts
Armour
 n - a +1 leather armour (worn)
Jewellery
 i - a ring of positive energy (left claw)
 p - a ring of protection from fire (right claw)
Wands
 t - a wand of iceblast (9)
Scrolls
 f - a scroll of fog
Potions
 a - a potion of invisibility {unknown}
 c - 3 potions of curing
 e - 4 potions of haste
 j - a potion of ambrosia {unknown}
 o - a potion of lignification {unknown}
 s - 2 potions of brilliance {unknown}
 u - a potion of heal wounds {unknown}


   Skills:
 + Level 2.5 Fighting
 - Level 1.7 Dodging
 * Level 4.2 Unarmed Combat
 + Level 3.1 Spellcasting
 * Level 3.8 Transmutations


You had 8 spell levels left.
You knew the following spells:

 Your Spells              Type           Power      Damage    Failure   Level
a - Beastly Appendage     Tmut           24%        N/A       5%          1
b - Wereblood             Tmut           12%        N/A       9%          2

Your spell library contained the following spells:

 Spells                   Type           Power      Damage    Failure   Level
 Spider Form              Tmut/Pois      3%         N/A       36%         3
 Ice Form                 Ice/Tmut       7%         N/A       77%         4
 Hydra Form               Tmut           6%         N/A       83%         5


Dungeon Overview and Level Annotations

Branches:
Dungeon (4/15)            Ossuary (1/1)
 Temple: D:4-7

Altars:
Zin

Shops:
D:3 !


Innate Abilities, Weirdness & Mutations

You have a pair of antennae on your head.
You have very sharp fingernails.


Message History

You barely miss the mummy.
The mummy is moderately damaged.
The mummy barely misses you.
You scratch the mummy but do no damage.
The mummy is moderately damaged.
You closely miss the mummy. Your kick misses the mummy.
The mummy is moderately damaged.
The mummy closely misses you.
You claw the mummy! You claw the mummy.
The mummy is almost destroyed.
You claw the mummy!
You destroy the mummy!
Your talons disappear.
You barely miss the mummy.
You howl as the wereblood boils in your veins!
The mummy hits you!
* * * LOW HITPOINT WARNING * * *
You scratch the mummy.
The mummy is lightly damaged.
You closely miss the mummy.
The mummy is lightly damaged.
You howl as the wereblood boils in your veins!
Your primal bloodlust is almost over.
The mummy closely misses you.
You claw the mummy!
The mummy is heavily damaged.
You scratch the mummy.
The mummy is heavily damaged.
You howl as the wereblood boils in your veins!
The mummy closely misses you.
You claw the mummy!
The mummy is almost destroyed.
Casting: Wereblood (safe; 9% risk of failure)
Confirm with . or Enter, or press ? or * to list all spells.
You miscast Beastly Appendage.
You are very lightly contaminated with residual magic.
Nothing appears to happen.
You howl as the wereblood boils in your veins!
The mummy hits you!
You die...

##### !?.# !!.
#.# ###.# ###+###
#@MM## ##.....##
###..###.......##
{+...#.........#
#...'.^..⌠....+
{+...#.........#
#..###.......#
{+.## ##.....##
#.# ###'### #.
#.#


You could see 2 mummies.

Vanquished Creatures
  An ogre (D:3)
  Natasha (thrice) (D:2)
  Terence (D:2)
  A mummy (Ossuary)
  5 adders
  3 worms
  A dart slug (D:4)
  4 orcs
  7 ball pythons
  6 bats
  6 endoplasms
  5 giant cockroaches
  A gnoll zombie (Ossuary)
  3 goblins
  6 hobgoblins
  4 jackals (D:1)
  4 frilled lizards
  7 kobolds
  7 rats
75 creatures vanquished.

Notes
Turn   | Place    | Note
-------+----------+-------------------------------------------
     0 | D:1      | Glokmah the Demonspawn Transmuter began the quest for the
                  | Orb.
     0 | D:1      | Reached XP level 1. HP: 15/15 MP: 3/3
   335 | D:1      | Gained mutation: You have sharp fingernails. [demonic
                  | ancestry]
   335 | D:1      | Reached XP level 2. HP: 21/21 MP: 3/5
   504 | D:1      | Learned a level 2 spell: Wereblood
   751 | D:1      | Reached skill level 3 in Unarmed Combat
   751 | D:1      | Gained mutation: You have very sharp fingernails. [demonic
                  | ancestry]
   751 | D:1      | Reached XP level 3. HP: 25/26 MP: 3/6
  1416 | D:2      | Noticed Terence
  1998 | D:2      | Noticed Natasha
  2010 | D:2      | Killed Natasha
  2011 | D:2      | Reached XP level 4. HP: 14/33 MP: 5/7
  2346 | D:2      | Killed Terence
  2367 | D:2      | Noticed Natasha
  2600 | D:2      | Killed Natasha
  2601 | D:2      | Lost mutation: You have a pair of horns on your head.
                  | [demonic ancestry]
  2601 | D:2      | Lost mutation: You have a pair of small horns on your head.
                  | [demonic ancestry]
  2601 | D:2      | Gained mutation: You have a pair of small antennae on your
                  | head. [demonic ancestry]
  2601 | D:2      | Reached XP level 5. HP: 29/38 MP: 7/9
  2739 | D:2      | Noticed Natasha
  2749 | D:2      | Killed Natasha
  3758 | D:3      | Found Suara's Distillery.
  3819 | D:3      | Noticed an ogre
  4051 | D:3      | Reached skill level 4 in Unarmed Combat
  4085 | D:3      | Killed an ogre
  4086 | D:3      | Gained mutation: You have a pair of antennae on your head.
                  | [demonic ancestry]
  4086 | D:3      | Reached XP level 6. HP: 34/46 MP: 8/10
  4212 | D:4      | Noticed a yak
  4212 | D:4      | Noticed a yak
  4212 | D:4      | Noticed a yak
  4302 | D:4      | Found a sand-covered staircase.
  4309 | Ossuary  | Entered an ossuary
  4456 | Ossuary  | Slain by a mummy

Illustrated notes

Levels and vault maps discovered:
D:1:      dpeg_arrival_morbid_curiosity, layout_basic
D:2:      layout_rooms, basic_altar, uniq_natasha, uniq_terence
D:3:      wad_crossroads, layout_basic, serial_shops, shop,
          corexii_item_surrounded_by_moat, uniq_crazy_yiuf_cottage
D:4:      layout_loops_ring, chequers_ossuary_entry_cave, goddamned_bats
Ossuary:  ossuary_crypta

Skill      XL: |  1  2  3  4  5 |
---------------+----------------+-----
Transmutations | 2 3 |  3.8
Unarmed Combat | 3 4 |  4.2
Fighting       | 2 |  2.5
Spellcasting   | 3 |  3.1
Dodging        | |  1.7

Action                   |  1- 3 |  4- 6 || total
-------------------------+-------+-------++-------
Melee: Unarmed           |    91 |   126 ||   217
       Mace              |     9 |       ||     9
       Kick              |    24 |    21 ||    45
       Headbutt          |     6 |     4 ||    10
       Punch             |     1 |     2 ||     3
 Cast: Beastly Appendage |    21 |    19 ||    40
       Wereblood         |     3 |     7 ||    10
  Use: Scroll            |       |     6 ||     6
 Stab: Sleeping          |       |     1 ||     1
Armor: Robe              |    18 |     2 ||    20
       Leather armour    |       |    11 ||    11
Dodge: Dodged            |    70 |    51 ||   121

Table legend: (Time is in decaauts)
 A = Elapsed time spent in this place.
 B = Non-inter-level travel time spent in this place.
 C = Inter-level travel time spent in this place.
 D = Time resting spent in this place.
 E = Time spent auto-exploring this place.
 F = Levels seen in this place.
 G = Mean time per level.
                   A        B        C        D        E       F      G
               +--------+--------+--------+--------+--------+-----+--------+
         Total |   4453 |   4280 |    173 |   1793 |   1391 |   5 |  890.6 |
       Dungeon |   4308 |   4135 |    173 |   1686 |   1391 |   4 | 1077.0 |
       Ossuary |    145 |    145 |      0 |    107 |      0 |   1 |  145.0 |
               +--------+--------+--------+--------+--------+-----+--------+

Top non-repeatable levels by time:
     D:1: 1656 daAuts
     D:2: 1303 daAuts
     D:3: 1268 daAuts
 Ossuary: 145 daAuts
     D:4: 79 daAuts
